 Dungeon Crawl Stone Soup version 0.31-a0-430-gf8416d752b (webtiles) character file.

Game seed: 14612128395858234720

20 Bnni the Digger (level 3, 25/25 HPs)
             Began as a Formicid Earth Elementalist on July 30, 2023.
             Quit the game on level 1 of the Dungeon.
             The game lasted 00:00:57 (836 turns).

Bnni the Digger (Formicid Earth Elementalist)        Turns: 836, Time: 00:00:58

Health: 25/25      AC:  2    Str: 12    XL:     3   Next: 0%
Magic:  4/6        EV: 12    Int: 14    God:
Gold:   48         SH:  0    Dex: 16    Spells: 5/6 levels left

rFire   . . .        e - +1 dagger (freeze)
rCold   . . .        (no shield)
rNeg    . . .        a - +0 robe
rPois   .            (helmet unavailable)
rElec   .            (no cloak)
rCorr   .            (no gloves)
SInv    +            (no boots)
Will    .....        (no amulet)
Stlth   ++           (no ring)
HPRegen 0.24/turn    (no ring)
MPRegen 0.10/turn

%: no passive effects
@: no status effects
A: permanent stasis, dig shafts and tunnels, antennae 3, four strong arms
a: Dig, Shaft Self


You were on level 1 of the Dungeon.
You visited 1 branch of the dungeon, and saw 1 of its levels.

You collected 48 gold pieces.

Inventory:

Hand Weapons
 e - a +1 dagger of freezing (weapon)
Armour
 a - a +0 robe (worn)
Potions
 b - a potion of magic
 c - a potion of might {unknown}
 d - a potion of haste {unknown}
 f - a potion of lignification {unknown}


   Skills:
 + Level 0.9 Fighting
 - Level 1.7 Dodging
 - Level 2.4 Stealth
 + Level 2.4 Spellcasting
 + Level 1.5 Transmutations
 * Level 4.1 Earth Magic


You had 5 spell levels left.
You knew the following spells:

 Your Spells              Type           Power      Damage    Failure   Level
a - Sandblast             Erth           26%        2d8       4%          1

Your spell library contained the following spells:

 Spells                   Type           Power      Damage    Failure   Level
 Passwall                 Tmut/Erth      7%         N/A       11%         2
 Stone Arrow              Conj/Erth      14%        3d7       28%         3
 Poisonous Vapours        Pois/Air       2%         N/A       34%         2
 Mephitic Cloud           Conj/Pois/Air  1%         N/A       56%         3
 Petrify                  Tmut/Erth      9%         N/A       56%         4
 Freezing Cloud           Conj/Ice/Air   0%         6-21      99%         5


Dungeon Overview and Level Annotations

Branches:
Dungeon (1/15)

Altars:


Innate Abilities, Weirdness & Mutations

You cannot be hasted, slowed, berserked, paralysed or teleported.
You can dig through walls and to a lower floor.
You have a pair of large antennae on your head. (SInv)
Your four strong arms can wield two-handed weapons with a shield.


Message History

You open the door.
There is an open door here.
f - an emerald potion You open the door.
There is an open door here.
You open the door.
There is an open door here.
You open the door. You open the door.
There is an open door here.
You open the door.
There is an open door here.
There is a dry fountain here.
You open the door.
There is an open door here.
As you open the door, it creaks loudly!
There is an open door here.
There is an open door here.
You open the door.
There is an open door here.
You now have 41 gold pieces (gained 14).
There is an open door here.
There is an open door here.
You now have 48 gold pieces (gained 7).
A kobold comes into view. It is wielding a +0 dagger.
Found a stone staircase leading down.
Found a fizzy yellow potion.
The kobold shouts!
Aiming: Sandblast (safe; 4% risk of failure)
Press: ? - help, Q - select action, (/) - cycle Shift-Dir - straight line, f - kobold
Aim: a kobold, wielding a +0 dagger (77% to hit)
The blast of sand hits the kobold.
You kill the kobold!
You have reached level 3!
Your experience leads to an increase in your attributes!
Increase (S)trength, (I)ntelligence, or (D)exterity?
You feel agile. x2
Search for what [? for help]?
Okay, then.
Are you sure you want to abandon this character and quit the game? (Confirm with "yes".)

## #. ..# ####.###.#
##### ###..!...#.#
#######.... .......#.#.#
#.......### .......#.#.#
#.......##. .......#.#.#
#.......##.
....>.)@...###.......##.
...#...#....##.......###
#....###..........##.
#.##+ #...........##. #.
####........##. #
#........###
#..########. #..# #.
##.# #.


There were no monsters in sight!

Vanquished Creatures
  A dart slug (D:1)
  An endoplasm (D:1)
  4 goblins (D:1)
  2 hobgoblins (D:1)
  3 jackals (D:1)
  2 ball pythons (D:1)
  A kobold (D:1)
  2 rats (D:1)
16 creatures vanquished.

Notes
Turn   | Place    | Note
-------+----------+-------------------------------------------
     0 | D:1      | Bnni the Formicid Earth Elementalist began the quest for
                  | the Orb.
     0 | D:1      | Reached XP level 1. HP: 13/13 MP: 3/3
   176 | D:1      | Reached XP level 2. HP: 20/20 MP: 3/5
   380 | D:1      | Reached skill level 4 in Earth Magic
   836 | D:1      | Reached XP level 3. HP: 25/25 MP: 4/6
   836 | D:1      | Quit the game

Illustrated notes

Levels and vault maps discovered:
D:1:      co_arrival_random_square_maze, layout_basic, grunt_decor_mini_mirrors,
          dk_noncrumbling_2

Skill      XL: |  1  2 |
---------------+-------+-----
Earth Magic    | 4 |  4.1
Fighting       | |  0.9
Dodging        | |  1.7
Stealth        | |  2.4
Spellcasting   | |  2.4
Transmutations | |  1.5

Action                     || total
---------------------------++-------
  Melee: Unarmed           ||     5
   Cast: Sandblast         ||    21
 Armour: Robe              ||     1
  Dodge: Dodged            ||    21

Table legend: (Time is in decaauts)
 A = Elapsed time spent in this place.
 B = Non-inter-level travel time spent in this place.
 C = Inter-level travel time spent in this place.
 D = Time resting spent in this place.
 E = Time spent auto-exploring this place.
 F = Levels seen in this place.
 G = Mean time per level.
                   A        B        C        D        E       F      G
               +--------+--------+--------+--------+--------+-----+--------+
         Total |    846 |    846 |      0 |      0 |    750 |   1 |  846.0 |
       Dungeon |    846 |    846 |      0 |      0 |    750 |   1 |  846.0 |
               +--------+--------+--------+--------+--------+-----+--------+

Top non-repeatable levels by time:
     D:1: 846 daAuts
